Map: Ulrena

Players

tidusff - Winner!

  • Race: Protoss Protoss
  • League: Diamond

capac

  • Race: Terran Terran
  • League: Gold

VOD

Have the link to the VOD?

Description

Time

  • Played on: Feb. 9, 2016, 1:02 p.m.
  • Length: 7:00
Show
View Real Time Build Order
Export as new Build Order

tidusff Protoss - Winner!

Build Orders: 1 Gate Expand, Oracle Opening 

Get SALT Encoding   

  12  0:01  Probe (Chrono Boost)  
  13  0:11  Probe (Chrono Boost)  
  14  0:21  Pylon  
  14  0:22  Probe (Chrono Boost)  
  15  0:39  Probe (Chrono Boost)  
  15  0:40  Gateway  
  16  0:45  Assimilator  
  17  0:50  Probe (Chrono Boost)  
  17  1:15  Nexus  
  17  1:28  Cybernetics Core  
  17  1:31  Probe (Chrono Boost)  
  18  1:46  Probe (Chrono Boost)  
  18  1:47  Assimilator  
  19  1:51  Pylon  
  20  2:05  Mothership Core (Chrono Boost)  
  21  2:11  Adept  
  23  2:24  Warp Gate (Chrono Boost)  
  23  2:25  Probe (Chrono Boost)  
  23  2:27  Probe (Chrono Boost)  
  23  2:28  Pylon  
  25  2:36  Probe (Chrono Boost)  
  26  2:37  Probe (Chrono Boost)  
  27  2:48  Stargate  
  27  2:53  Probe (Chrono Boost)  
  27  2:54  Probe (Chrono Boost)  
  29  3:03  Probe (Chrono Boost)  
  29  3:05  Probe (Chrono Boost)  
  31  3:14  Probe (Chrono Boost), Gateway  
  32  3:20  Probe (Chrono Boost)  
  33  3:31  Oracle (Chrono Boost), Adept  
  38  3:38  Robotics Facility  
  38  3:47  Probe  
  39  3:48  Probe  
  40  3:59  Probe  
  40  4:01  Probe  
  42  4:05  Oracle  
  42  4:06  Gateway  
  42  4:09  Pylon  
  42  4:11  Probe  
  42  4:13  Probe  
  47  4:23  Probe  
  48  4:46  Adept x2  
  48  4:50  Immortal  
  56  4:59  Probe, Gateway  
  57  5:03  Gateway  
  57  5:06  Pylon  
  57  5:08  Pylon  
  57  5:20  Probe x2  
  59  5:21  Phoenix  
  59  5:26  Adept x3  
  67  5:30  Immortal (Chrono Boost)  
  67  5:35  Assimilator  
  71  5:37  Assimilator  
  71  5:38  Probe  
  71  5:42  Pylon  
  72  5:44  Probe  
  72  5:45  Phoenix, Pylon  
  75  5:54  Adept  
  77  5:59  Probe  
  78  6:04  Adept  
  78  6:05  Adept x2  
  84  6:11  Probe  
  84  6:13  Adept  
  84  6:14  Adept  
  84  6:16  Probe  
  90  6:23  Probe  
  82  6:49  Adept x4  
Show
View Real Time Build Order
Export as new Build Order

capac Terran 

Build Orders:  

Get SALT Encoding   

  12  0:01  SCV  
  13  0:13  SCV  
  14  0:18  Supply Depot  
  14  0:25  SCV  
  15  0:39  SCV  
  16  0:44  Barracks  
  16  0:48  Refinery  
  16  0:53  SCV  
  17  1:05  SCV  
  18  1:17  SCV  
  19  1:29  SCV  
  20  1:35  Marine  
  20  1:37  Supply Depot  
  20  1:42  Orbital Command  
  20  1:56  Factory  
  20  2:05  Marine  
  21  2:12  Command Center  
  21  2:23  Marine  
  21  2:27  SCV  
  23  2:39  SCV  
  23  2:41  Factory Tech Lab, Marine  
  25  2:46  Starport  
  25  2:51  SCV  
  25  2:53  Refinery  
  26  3:05  Marine  
  26  3:06  Barracks  
  26  3:23  Marine, Siege Tank  
  30  3:38  Orbital Command  
  30  3:43  Barracks  
  30  3:52  Marine  
  31  3:55  Orbital Command  
  31  4:03  Liberator, SCV  
  32  4:14  Bunker  
  32  4:18  Barracks Tech Lab  
  32  4:21  Siege Tank  
  32  4:23  SCV  
  31  4:47  Marine  
  31  4:51  SCV  
  26  5:25  Marine  
  26  5:26  SCV x2  
  29  5:34  Medivac  
  31  5:43  Marine  
  32  5:51  Marine x2  
  32  5:54  SCV x2  
  36  6:01  Siege Tank  
  39  6:04  Marine  
  39  6:09  Medivac  
  42  6:11  Marine  
  43  6:22  SCV x2  
Tags
 
Add a new tag
Caveats
  • Supply blocks, unpowered buildings, or Contaminate may cause inaccurate times.
  • Supply counts are checked every 10 seconds.